 Dungeon Crawl Stone Soup version 0.27-a0-1557-g57f10a385c (webtiles) character file.

Game seed: 5244345855599273103

395 bigjeff5 the Basher (level 6, -3/51 HPs)
             Began as a Minotaur Berserker on July 16, 2021.
             Was a Priest of Trog.
             Slain by an ogre (18 damage)
             ... while paralysed by an orc
             ... on level 4 of the Dungeon.
             The game lasted 00:26:39 (3484 turns).

bigjeff5 the Basher (Minotaur Berserker)            Turns: 3484, Time: 00:26:39

Health: -3/51      AC:  9    Str: 22    XL:     6   Next: 52%
Magic:  5/5        EV:  2    Int:  4    God:    Trog [***...]
Gold:   195        SH:  0    Dex: 17    Spells: 5/5 levels left

rFire    . . .     SeeInvis .   o - +0 flail (protect)
rCold    . . .     Faith    .   (no shield)
rNeg     . . .     Spirit   .   j - +0 chain mail
rPois    .         Reflect  .   (helmet restricted)
rElec    .         Harm     .   (no cloak)
rCorr    .         Rampage  .   e - +0 pair of gloves
Will     .....                  (no boots)
Stlth    ..........             (no amulet)
HPRegen  0.17/turn              a - +6 ring of dexterity
MPRegen  0.09/turn              (no ring)

@: paralysed
A: horns 2, retaliatory headbutt
a: Renounce Religion, Berserk, Trog's Hand


You were on level 4 of the Dungeon.
You worshipped Trog.
Trog was most pleased with you.
You visited 1 branch of the dungeon, and saw 4 of its levels.

You collected 195 gold pieces.

Inventory:

Hand Weapons
 h - a +0 whip
 o - a +0 flail of protection (weapon)
Missiles
 l - 17 poisoned darts (quivered)
Armour
 e - a +0 pair of gloves (worn)
 j - a +0 chain mail (worn)
Jewellery
 a - a +6 ring of dexterity (left hand)
Wands
 b - a wand of mindburst (10)
Scrolls
 c - 3 scrolls of identify {unknown}
 d - a scroll of holy word {unknown}
 i - 2 scrolls of teleportation {unknown}
 n - a scroll of amnesia {unknown}
Potions
 f - a potion of attraction {unknown}
 g - a potion of ambrosia {unknown}
 k - 2 potions of curing {unknown}
 m - a potion of flight {unknown}


   Skills:
 - Level 3.6 Fighting
 + Level 9.0 Maces & Flails
 - Level 2.4 Armour
 - Level 2.1 Dodging


You had 5 spell levels left.
You didn't know any spells.
Your spell library was empty.

Dungeon Overview and Level Annotations

Branches:
Dungeon (4/15)
 Temple: D:4-7

Altars:


Innate Abilities, Weirdness & Mutations

You have a pair of horns on your head.
You reflexively headbutt those who attack you in melee.


Message History

The orc priest shouts!
You hit the phantom.
Your weapon exudes an aura of protection.
Your headbutt misses the phantom.
The phantom is lightly damaged.
You hear an angry hiss.
You hear a shout!
The phantom barely misses you. You furiously retaliate!
You headbutt the phantom! You barely miss the phantom.
You headbutt the phantom.
The phantom is heavily damaged.
The phantom hits you.
An iguana comes into view.
An ogre comes into view. It is wielding a +0 giant club.
The phantom hits you but does no damage.
The orc priest hits you but does no damage.
You hit the orc priest.
You headbutt the orc priest, but do no damage.
The orc priest is moderately wounded.
The phantom hits you but does no damage.
The orc priest barely misses you. You furiously retaliate!
You headbutt the orc priest, but do no damage.
The orc shouts!
You sock the orc priest! Your headbutt misses the orc priest.
The orc priest is almost dead.
The phantom hits you.
The orc zaps a wand.
You suddenly lose the ability to move!
The orc priest hits you with a +0 club.
The phantom hits you but does no damage.
The ogre hits you but does no damage.
The orc priest hits you but does no damage.
The phantom hits you. The ogre hits you with a +0 giant club!
The orc priest invokes the aid of Beogh against you.
Beogh smites you!
You hear an angry hiss.
The iguana bites you.
* * * LOW HITPOINT WARNING * * *
The phantom hits you but does no damage.
A ball python comes into view.
The orc zaps a wand.
You shrug off the repeated paralysis!
The ogre hits you with a +0 giant club!!
You die...

##.......#.. ##
#..###..#..# #. #.##
#.#..#. #.. #######.#
#...... #...
.....##.##########
##...#####........## .
.........#.##.##...##..
......Oo......#.....).
.....o.@.#.##.#.....#.
.#....lW...##....>..#
#..S#.###....<....##
#.. #. ######.########
#. #. #........# # #.
#..#####.# #.####### ..
#..# #.# ....o.o<# ##
#... #.# .....o...#
##.## #.#


You could see a phantom, an ogre, an iguana, an orc priest, an orc and a ball
python.

Vanquished Creatures
  Grinder (D:3)
  Robin (D:3)
  4 gnolls (D:4)
  3 adders
  3 worms
  4 dart slugs
  11 orcs
  6 ball pythons
  6 bats
  6 endoplasms
  A giant cockroach (D:1)
  15 goblins
  6 hobgoblins
  12 jackals
  4 kobolds
  3 quokkas
  4 frilled lizards
  4 rats
94 creatures vanquished.

Notes
Turn   | Place    | Note
-------+----------+-------------------------------------------
     0 | D:1      | bigjeff5 the Minotaur Berserker began the quest for the
                  | Orb.
     0 | D:1      | Reached XP level 1. HP: 19/19 MP: 0/0
   110 | D:1      | Reached skill level 4 in Maces & Flails
   198 | D:1      | Reached XP level 2. HP: 26/26 MP: 1/1
   443 | D:1      | Reached skill level 5 in Maces & Flails
   584 | D:1      | Reached XP level 3. HP: 26/31 MP: 2/2
   782 | D:1      | Reached ** piety under Trog
  1022 | D:1      | Found a faded altar of an unknown god.
  1496 | D:2      | Reached skill level 6 in Maces & Flails
  1496 | D:2      | Reached XP level 4. HP: 39/39 MP: 3/3
  2175 | D:3      | Noticed Robin
  2217 | D:3      | Killed Robin
  2555 | D:3      | Noticed Grinder
  2566 | D:3      | HP: 1/39 [Grinder (3)]
  2610 | D:3      | Killed Grinder
  2611 | D:3      | Reached skill level 8 in Maces & Flails
  2611 | D:3      | Reached XP level 5. HP: 45/45 MP: 4/4
  2611 | D:3      | Reached XP level 6. HP: 51/51 MP: 5/5
  2754 | D:3      | Reached *** piety under Trog
  3442 | D:4      | Reached skill level 9 in Maces & Flails
  3480 | D:4      | Paralysed by an orc for 7 turns
  3484 | D:4      | Slain by an ogre

Illustrated notes

Levels and vault maps discovered:
D:1:      dpeg_arrival_orchard, layout_loops_cross,
          hellmonk_ecumenical_altar_leap_of_faith
D:2:      layout_loops_ring
D:3:      layout_loops_ring, grunt_ministairs_13, kennysheep_another_room,
          uniq_grinder, uniq_robin
D:4:      layout_loops_cross, minmay_misc_feat_diagonals

Skill      XL: |  1  2  3  4  5  6 |
---------------+-------------------+-----
Maces & Flails | 4 5 6 8 9 |  9.0
Fighting       | |  3.6
Armour         | |  2.4
Dodging        | |  2.1

Action                   |  1- 3 |  4- 6 || total
-------------------------+-------+-------++-------
Melee: Mace              |    67 |       ||    67
       Headbutt          |     6 |    31 ||    37
       Whip              |       |   107 ||   107
       Flail             |       |    30 ||    30
Throw: Stone             |    26 |    22 ||    48
       Dart              |       |     4 ||     4
Invok: Berserk           |     2 |     1 ||     3
       Trog's Hand       |       |     3 ||     3
 Stab: Sleeping          |     1 |       ||     1
Armor: Animal skin       |    17 |     1 ||    18
       Chain mail        |       |    50 ||    50
Dodge: Dodged            |    47 |    48 ||    95

Table legend: (Time is in decaauts)
 A = Elapsed time spent in this place.
 B = Non-inter-level travel time spent in this place.
 C = Inter-level travel time spent in this place.
 D = Time resting spent in this place.
 E = Time spent auto-exploring this place.
 F = Levels seen in this place.
 G = Mean time per level.
                   A        B        C        D        E       F      G
               +--------+--------+--------+--------+--------+-----+--------+
         Total |   3498 |   3367 |    131 |    448 |   2156 |   4 |  874.5 |
       Dungeon |   3498 |   3367 |    131 |    448 |   2156 |   4 |  874.5 |
               +--------+--------+--------+--------+--------+-----+--------+

Top non-repeatable levels by time:
     D:3: 1283 daAuts
     D:1: 1214 daAuts
     D:2: 836 daAuts
     D:4: 164 daAuts
